← All builds
Geo / Legion / Economy first / OBSERVED BUILD

Standard geo

Legion Geo build order · Supreme Isthmus

Geo rushes the geothermal and T2 constructor on the usual timeline, reclaiming its first bot lab for metal, then upgrades to an advanced bot lab and transitions into T1/T2 bots like Arquebus and Hoplite to send to front while supplying…

Usually blows up the commander (100%)

#eco #t2 · 19 distinct matches · 9 players · 19% of Legion Geo games · team won 68% of 19 · Recently observed

THE CATCH, AND WHAT COMES WITH IT
  • ArquebusArquebus in 58%17% of all Geo games by then
  • HopliteHoplite in 53%17% of all Geo games by then
  • TiresiasJammer bot in 47%20% of all Geo games by then
  • EuclidRadar bot in 47%20% of all Geo games by then

Then transitions into Arquebus (26% of army), Thanatos (19% of army), Hoplite (18% of army).

HOW TO PLAY IT

Key timing: Geothermal Powerplant by 3:22

  1. Open mex and wind, then build Legion Bot Lab for early units.
  2. Finish Legion Bot Lab fast, planning to eat it at 3:17.
  3. Build geothermal, then advanced geothermal by 7:05 for power.
  4. Reclaim bot lab into Legion Vehicle Plant, then Advanced Vehicle Plant.
  5. Transition into T2 vehicles like Cicero and Charon for front and allies.

Phase by phase

TYPICAL OF ITS 19 GAMES · AGAINST STANDARD GEO
  1. 1
  2. 2
  3. 3
  4. 4
PLAY THE OPENING

Follow the example game's first 6:00 step by step: what to build now, what comes next, and where it goes. At 1× it keeps pace with your own game.

  1. 1

    Up to the Legion Bot Lab

    Economy
    • Metal Extractor3Mex
    • Wind Turbine4Wind
    Order
    1. Legion Bot LabLegion Bot Lab after 3 mex, 4 winddone ~1:21, middle half 1:15–1:30

    Some games also: Pharos (37%)

    By 1:04 in all: 3 mex · 4 wind

    The example game in this phase · 3 steps
    1. Mex ×3
    2. Wind ×4
    3. Legion Bot LabLegion Bot Labdone 1:20 · typical 1:21
  2. 2

    Legion Bot Lab to 5:00

    Economy
    • Metal Extractor1Mex
    • Wind Turbine1Wind−2 vs standard
    • Energy Converter7Converter
    • Energy Storage1Energy storage
    Order
    1. Geothermal PowerplantGeo after 4 mex, 5 wind, 1 energy storage
    2. Legion Bot LabEat Legion Bot Lab
    Builders
    • Construction Turret5 Con turret
    • Zagreus4 Zagreus
    • Legion Construction Bot1 Legion Construction Bot for allies
    • Zagreus1 Zagreus for allies
    • Legion Construction Bot1 Legion Construction Bot

    By 5:00 in all: 4 mex · 5 wind (standard 8) · 1 geo · 7 converter · 1 energy storage · 5 con turret

    The example game in this phase · 14 steps
    1. ZagreusZagreus ×3
    2. Legion Construction BotLegion Construction Bot
    3. Legion Construction BotLegion Construction Botfor Beach sea
    4. Energy storage
    5. Legion Construction BotLegion Construction Bot
    6. Mex
    7. Geothermal PowerplantGeodone 3:02 · typical 3:43
    8. Con turret ×4
    9. Converter ×2
    10. Con turret
    11. Converter ×6
    12. GoblinGoblin ×2
    13. Converter ×4
    14. GoblinGoblin
  3. 3

    5:00 to Legion Advanced Bot Lab

    Economy
    • Energy Converter4Converter
    Order
    1. Advanced Geothermal PowerplantAdvanced Geothermal Powerplant after 5 wind, 11 converter, 7 con turretin 63% of games
    2. Legion Advanced Bot LabLegion Advanced Bot Lab after 8 wind, 9 converter, 7 con turretdone ~7:57, middle half 7:26–8:13
    Builders
    • Construction Turret1 Con turret

    Some games also: wind (47%)

    By 7:23 in all: 4 mex · 8 wind · 1 geo · 1 Advanced Geothermal Powerplant · 9 converter · 1 energy storage

    The example game in this phase · 6 steps
    1. Converter
    2. PhobosPhobos ×2
    3. Advanced Metal ExtractorT2 mex ×2done 6:17 · typical 5:34
    4. Advanced Geothermal PowerplantAdvanced Geothermal Powerplantdone 7:30 · typical 7:08
    5. Advanced Metal ExtractorT2 mex ×2
    6. Legion Advanced Bot LabLegion Advanced Bot Labdone 8:04 · typical 7:57
  4. 4

    Legion Advanced Bot Lab to 10:00

    Economy
    • Energy Converter4Converter−2 vs standard
    Builders
    • Advanced Construction Bot1 T2 con bot for allies
    Army
    • Tiresias1 Jammer bot
    • Euclid1 Radar bot
    • Arquebus1 Arquebus

    Some games also: T2 con bot (37%) · Thanatos (37%)

    The standard build makes here, this one skips: 3 wind

    By 10:00 in all: 4 mex · 8 wind (standard 16) · 1 geo · 1 Advanced Geothermal Powerplant · 18 converter · 1 energy storage

    The example game in this phase · 21 steps
    1. Legion Bot LabEat Legion Bot Labreclaimed for its metal
    2. Advanced Construction BotT2 con botfor Suicide front
    3. ThanatosThanatosdone 8:23
    4. TiresiasJammer bot
    5. EuclidRadar bot
    6. ThanatosThanatos ×4
    7. Converter ×2
    8. ThanatosThanatos
    9. Converter
    10. Radar TowerRadar Tower
    11. ThanatosThanatos ×4
    12. Advanced Construction BotT2 con bot
    13. ThanatosThanatos
    14. IchnaeaIchnaea
    15. ThanatosThanatos
    16. PlutoPluto
    17. PhalanxPhalanx ×6done 11:41
    18. AquilonAquilon ×2done 12:54
    19. PlutoPluto
    20. AquilonAquilon
    21. HopliteHoplite ×12

Counts are medians over the build's games: half of them build more, half fewer. The example game is celestia_1x's (33 OS, 13/10/2026); pick another.

Team trades

IN AT LEAST 30% OF ITS GAMES

You hand over

  • Zagreus1 Zagreus to Beach sea or Frontfirst at 2:21 · in 84% of games
  • Legion Construction Bot1 Legion Construction Bot to Beach seafirst at 2:40 · in 84% of games
  • Advanced Construction Bot1 T2 con bot to Suicide front or Frontfirst at 8:17 · in 68% of games

You get

  • Hercules1 Light transport from Airfirst at 4:38 · in 37% of games
  • Advanced Construction Bot1 T2 con bot from Techfirst at 4:40 · in 89% of games

How it plays out

Typical game of this build, running totals by minute

Metal produced

020k40k
0:005:0010:0015:00

metal

Enemy metal destroyed

05k10k15k
0:005:0010:0015:00

metal

Own metal lost

02k4k6k
0:005:0010:0015:00

metal

19 games.

Show as table
ByMetal produced: This buildEnemy metal destroyed: This buildOwn metal lost: This build
1:0033500
2:0087700
3:00148300
4:00250000
5:00360100
6:00580900
7:00825800
8:001114800
9:001398943130
10:0016751160190
11:00193811558485
12:002214829191580
13:002574558921820
14:0028719107024274
15:0032222112734525
WHAT THE NUMBERS SAY

Standard geo play with the biggest eco of any role shown, but team still won under half its games.

  • + Produces 32330 metal by 15:00, more than any other role's standard build.
  • − Team won only 40% of games despite dominating metal production.
THE EXAMPLE YOU ARE READING

celestia_1x

32.8 OS · 13/10/2026

Open source match ↗

1 received units · includes a constructor
811 metal received · 169719 energy received

Allied construction assistance is unknown. Timings are observations, not a promise of solo reproducibility.

Typical milestones

Legion Bot Lab1:21Middle 50%: 1:15–1:30 · n=19
Geothermal Powerplant3:43Middle 50%: 3:21–3:53 · n=19
Advanced Metal Extractor5:34Middle 50%: 5:18–5:55 · n=17
Advanced Geothermal Powerplant7:08Middle 50%: 6:51–7:30 · n=14
Legion Advanced Bot Lab7:57Middle 50%: 7:26–8:13 · n=18
Arquebus8:36Middle 50%: 8:17–9:58 · n=13

Played most by

zeus_on_god8games of this buildAmrissa2games of this buildcelestia_1x2games of this buildYogaBoy1584972games of this build[Cookie]Baby_Evis1game of this build